 Dungeon Crawl Stone Soup version 0.30.0-19-g36f170ea60 (webtiles) character file.

Game seed: 11082126399729243053

44 Rello the Stinger (level 3, -1/32 HPs)
             Began as a Naga Venom Mage on May 27, 2023.
             Slain by a jackal (2 damage)
             ... on level 2 of the Dungeon.
             The game lasted 00:04:23 (1142 turns).

Rello the Stinger (Naga Venom Mage)                 Turns: 1142, Time: 00:04:25

Health: -1/32      AC:  3    Str:  7 (10) XL:     3   Next: 60%
Magic:  0/6        EV:  9    Int: 16 (17) God:
Gold:   52         SH:  0    Dex: 10 (11) Spells: 3/6 levels left

rFire   . . .        c - +0 dagger
rCold   + . .        (no shield)
rNeg    . . .        f - +0 leather armour
rPois   +            (no helmet)
rElec   .            (no cloak)
rCorr   .            d - +0 pair of gloves
SInv    +            (no barding)
Will    .....        (no amulet)
Stlth   ++           j - ring of protection from cold
HPRegen 0.25/turn    (no ring)
MPRegen 0.10/turn

%: no passive effects
@: very slow
A: AC +1, large, see invisible, deformed body, poison resistance, slowness 2,
spit poison 1, naga tail 1
a: Spit Poison


You were on level 2 of the Dungeon.
You visited 1 branch of the dungeon, and saw 2 of its levels.

You collected 52 gold pieces.

Inventory:

Hand Weapons
 c - a +0 dagger (weapon)
Armour
 a - a +0 robe
 d - a +0 pair of gloves (worn)
 f - a +0 leather armour (worn)
Jewellery
 j - a ring of protection from cold (left hand)
Scrolls
 e - a scroll of identify {unknown}
 g - a scroll of vulnerability {unknown}
 h - 2 scrolls of teleportation {unknown}


   Skills:
 * Level 1.7 Fighting
 - Level 1.5 Dodging
 - Level 3.0 Stealth
 + Level 2.3 Spellcasting
 - Level 1.0 Transmutations
 * Level 4.9 Poison Magic


You had 3 spell levels left.
You knew the following spells:

 Your Spells              Type           Power      Damage    Failure   Level
a - Sting                 Tmut/Pois      44%        1d5       9%          1
b - Poisonous Vapours     Pois/Air       18%        N/A       17%         2

Your spell library contained the following spells:

 Spells                   Type           Power      Damage    Failure   Level
 Mephitic Cloud           Conj/Pois/Air  7%         N/A       43%         3
 Olgreb's Toxic Radiance  Pois           17%        N/A       36%         4


Dungeon Overview and Level Annotations

Branches:
Dungeon (2/15)

Altars:

Annotations:
D:2 Robin


Innate Abilities, Weirdness & Mutations

Your serpentine skin is tough. (AC +1)
You have supernaturally acute eyesight. (SInv)
Armour fits poorly on your strangely shaped body.
Your system is resistant to poisons. (rPois)
You cover ground very slowly.
You can spit poison.
You have a snake-like lower body.


Message History

Hit: c) +0 dagger
Press: ? - help, Dir - move target, f/p - goblin
Aim: a goblin, wielding a +0 club (heavily wounded, strong, about 47% to evade your +0 dagger)
You hit the goblin.
You kill the goblin!
The jackal closely misses you.
Hit: c) +0 dagger
Press: ? - help, Dir - move target, f - jackal
Aim: a jackal (about 47% to evade your +0 dagger)
You closely miss the jackal. The jackal bites you.
* * * LOW HITPOINT WARNING * * *
It was a potion of degeneration.
There was something very wrong with that liquid.
You feel weakened.
You feel dopey.
You feel clumsy. The jackal bites you.
* * * LOW HITPOINT WARNING * * *
Robin throws the goblin at you!
The jackal bites you but does no damage.
Hit: c) +0 dagger
Press: ? - help, Dir - move target, f - goblin, p - jackal
Aim: a goblin, wielding a +0 club (strong, about 47% to evade your +0 dagger)
You barely miss the goblin.
The hobgoblin no longer looks unusually strong.
The goblin closely misses you. The jackal barely misses you.
Unknown command.
Hit: c) +0 dagger
Press: ? - help, Dir - move target, f/p - goblin
Aim: a goblin, wielding a +0 club (strong, about 47% to evade your +0 dagger)
The hobgoblin shouts!
You hit the goblin but do no damage. The jackal completely misses you.
The goblin hits you with a +0 club.
* * * LOW HITPOINT WARNING * * *
Hit: c) +0 dagger
Press: ? - help, Dir - move target, f/p - goblin
Aim: a goblin, wielding a +0 club (strong, about 47% to evade your +0 dagger)
You closely miss the goblin. The jackal barely misses you.
The goblin hits you with a +0 club.
* * * LOW HITPOINT WARNING * * *
The jackal bites you.
You die...

#.... #...## ##
....> ...
#..####....
#.##..#...#
#..)gg....#
#.#†#g###.# .†h#h#
.g)g.#@#
.......#g#
.......#.#
.......#.# .# ..
.......#.# ... #.
#.# #.###. #.#
#######..#..
#.#####.....##....
#...##.......#....


You could see Robin, a jackal, a hobgoblin and 2 goblins.

Vanquished Creatures
  An adder (D:2)
  A dart slug (D:2)
  An endoplasm (D:2)
  A giant cockroach (D:1)
  7 goblins
  3 hobgoblins
  A jackal (D:2)
  A quokka (D:2)
  A ball python (D:1)
  5 bats
  4 frilled lizards
  3 kobolds
  3 rats
32 creatures vanquished.

Notes
Turn   | Place    | Note
-------+----------+-------------------------------------------
     0 | D:1      | Rello the Naga Venom Mage began the quest for the Orb.
     0 | D:1      | Reached XP level 1. HP: 15/15 MP: 3/3
   308 | D:1      | Reached XP level 2. HP: 22/24 MP: 3/5
   383 | D:1      | Reached skill level 1 in Fighting
   921 | D:2      | Learned a level 2 spell: Poisonous Vapours
   986 | D:2      | Reached XP level 3. HP: 30/31 MP: 0/6
  1125 | D:2      | Noticed Robin
  1142 | D:2      | HP: 1/32 [goblin/+0 club (4)]
  1142 | D:2      | Slain by a jackal

Illustrated notes

Levels and vault maps discovered:
D:1:      shiori_arrival_oz, layout_loops_ring, minmay_misc_feat_chi,
          minmay_misc_feat_enclosed
D:2:      layout_rooms, wander_ebering_terrifying_dragon_lair, uniq_robin

Skill      XL: |  1  2 |
---------------+-------+-----
Fighting       | 1 |  1.7
Dodging        | |  1.5
Stealth        | |  3.0
Spellcasting   | |  2.3
Transmutations | |  1.0
Poison Magic   | |  4.9

Action                     || total
---------------------------++-------
  Melee: Dagger            ||    30
         Unarmed           ||     1
   Cast: Sting             ||    41
         Poisonous Vapours ||     2
    Use: Potion            ||     2
 Armour: Leather armour    ||    21
  Dodge: Dodged            ||    27
